 Dungeon Crawl Stone Soup version 0.19-a0-1686-g35356ef (webtiles) character file.

27834 Murumi the Blocker (level 13, 0/101 HPs)
             Began as a Formicid Fighter on Sept 25, 2016.
             Was a High Priest of Elyvilon.
             Slain by an entropy weaver (5 damage)
             ... on level 5 of the Lair of Beasts.
             The game lasted 01:26:13 (19113 turns).

Murumi the Blocker (Formicid Fighter)              Turns: 19113, Time: 01:26:14

Health: 0/101      AC:  1    Str: 22    XL:     13   Next: 68%
Magic:  18/20      EV:  9    Int: 12    God:    Elyvilon [*****.]
Gold:   149        SH: 16    Dex: 10    Spells: 0 memorised, 12 levels left

rFire  . . .     SeeInvis +     e - +2 double sword
rCold  . . .     Gourm    .     w - +0 plate armour
rNeg   + . .     Faith    .     c - +1 shield
rPois  +         Spirit   .     (helmet unavailable)
rElec  .         Dismiss  .     q - +0 cloak
rCorr  .         Reflect  +     E - +0 pair of gloves (curse)
MR     +....     Harm     .     (no boots)
Stlth  ..........               A - +3 amulet of reflection (curse)
                                F - ring of positive energy
                                J - ring of poison resistance

@: corroded
A: permanent stasis, dig shafts and tunnels, four strong arms, antennae 3
a: Dig, Shaft Self, Lesser Healing, Heal Other, Purification, Greater Healing,
Divine Vigour, Divine Protection, Renounce Religion


You were on level 5 of the Lair of Beasts.
You worshipped Elyvilon.
Elyvilon was extremely pleased with you.
You were not hungry.

You visited 3 branches of the dungeon, and saw 14 of its levels.

You collected 639 gold pieces.
You spent 490 gold pieces at shops.

Inventory:

Hand Weapons
 e - a +2 double sword (weapon)
 f - a +2 arbalest of flaming
Missiles
 o - 71 bolts
Armour
 c - a +1 shield (worn)
 q - a +0 cloak (worn)
 w - a +0 plate armour (worn)
 E - a cursed +0 pair of gloves (worn)
Jewellery
 A - a cursed +3 amulet of reflection (around neck)
 F - a ring of positive energy (right hand)
 H - an uncursed amulet of dismissal
 J - a ring of poison resistance (left hand)
Wands
 p - a wand of enslavement (12/24)
 r - a wand of heal wounds (0/9)
 y - a wand of polymorph (12/24)
 D - a wand of disintegration (13/24)
Scrolls
 a - a scroll of magic mapping
 g - a scroll of recharging
 h - 2 scrolls of fog
 m - 5 scrolls of remove curse
 B - a scroll of fear
 G - a scroll of identify
 K - a scroll of amnesia
 L - a scroll of enchant weapon
Potions
 b - a potion of cure mutation
 d - 2 potions of might
 i - a potion of cancellation
 j - 2 potions of brilliance
 k - 4 potions of lignification
 l - a potion of curing
 x - 3 potions of agility
 z - 2 potions of flight
 C - 5 potions of heal wounds
Comestibles
 n - 19 fruits
 s - a slice of pizza
 t - 18 royal jellies
 u - 5 meat rations
 v - 4 chunks of flesh
 I - 8 bread rations


   Skills:
 - Level 9.2 Fighting
 + Level 8.2 Long Blades
 - Level 8.0 Crossbows
 - Level 9.0 Armour
 - Level 7.0 Dodging
 - Level 10.1 Shields
 - Level 10.0 Invocations
 - Level 9.2 Evocations


You had 12 spell levels left.
You didn't know any spells.

Dungeon Overview and Level Annotations

Branches:
Dungeon (8/15)             Temple (1/1) D:4            Lair (5/6) D:8
  Swamp (0/4) Lair:2        Snake (0/4) Lair:2        Slime (0/5) Lair:5

Altars:
Ashenzari
Dithmenos
Elyvilon
Fedhas
Gozag
Kikubaaqudgha
Makhleb
Nemelex Xobeh
Okawaru
Qazlal
Ru
Sif Muna
Trog
Uskayaw
Vehumet
Yredelemnul
Zin
The Shining One

Shops:
D:5 ?[=!=   D:6 (=}[=   D:7 }


Innate Abilities, Weirdness & Mutations

You are under a permanent stasis effect.
You can dig through walls and to a lower floor.
Your four strong arms can wield two-handed weapons with a shield.
You have a pair of large antennae on your head. (SInv)


Message History

The entropic weave corrodes you!
You closely miss the entropy weaver.
The entropy weaver is severely wounded.
The entropy weaver hits you!
* * * LOW HITPOINT WARNING * * *
The entropy weaver hits you.
* * * LOW HITPOINT WARNING * * *
The entropy weaver hits you.
* * * LOW HITPOINT WARNING * * *
You block the entropy weaver's attack. The entropy weaver hits you.
* * * LOW HITPOINT WARNING * * *
You block the entropy weaver's attack. x2; The entropy weaver hits you.
* * * LOW HITPOINT WARNING * * *
Press: ? - help, Dir - move target cursor, f - entropy weaver Heal: an entropy weaver, wearing a dented beryl amulet (severely wounded, slightly transparent)
The light of Elyvilon fails to reach the entropy weaver.
You feel somewhat more hungry. The entropy weaver hits you.
* * * LOW HITPOINT WARNING * * *
You block the entropy weaver's attack. The entropy weaver hits you.
You die...

#..... . ##. .#..P# . ..
# .....# . . .. .##...P#
. .#. .# #.....# . ....
.##.....## .
....##.#a.....# # ..#
.......#@.# ..# #..
...#.#.### # ..##. .#
....#.#..### .# #.#.#
.... ..#......#... ###
#..#. #.. ..####........
##.. ..##..#.##..#
#........ ....
P{#.#.#(#.#.# ##........
.PP.
..##.#.#[#.####.........
....
....#.#...#.............
....


You could see an entropy weaver (invisible).

Vanquished Creatures
  A hydra (Lair:3)
  A queen ant (Lair:5)
  Urug (Lair:4)
  9 elephants
  3 black mambas
  6 spiny frogs
  3 komodo dragons
  A rime drake (Lair:5)
  9 blink frogs
  Grinder (D:3)
  6 dream sheep (Lair:1)
  5 hippogriffs
  21 yaks
  A wyvern (Lair:2)
  A basilisk (Lair:1)
  Eustachio (D:4)
  4 insubstantial wisps (Lair:2)
  4 nagas (Lair:2)
  11 water moccasins
  5 porcupines
  8 soldier ants (Lair:5)
  2 ice beasts
  4 ogres
  A sky beast (D:7)
  6 wolves (Lair:4)
  2 centaurs (D:6)
  A phantom (D:4)
  11 crocodiles
  16 bullfrogs
  4 scorpions
  26 killer bees
  5 wights (D:6)
  3 howler monkeys
  A crimson imp (D:6)
  A centaur zombie (D:5)
  3 hounds
  4 jellies
  4 orc wizards
  A centaur skeleton (D:8)
  2 orc priests
  4 bullfrog skeletons
  7 iguanas
  14 worker ants
  A hound skeleton (D:5)
  14 gnolls
  4 adders
  A howler monkey skeleton (D:8)
  43 river rats
  3 shadow imps
  2 oozes
  3 worms
  A dart slug (D:2)
  3 leopard geckos
  22 orcs
  4 ball pythons
  5 giant cockroaches
  10 goblins
  6 hobgoblins
  4 jackals
  3 kobolds
  2 quokkas
  5 bats
  5 frilled lizards
  A leopard gecko skeleton (D:5)
  A quokka skeleton (D:4)
  13 rats
380 creatures vanquished.

Vanquished Creatures (others)
  A komodo dragon (Lair:1)
  A queen bee (Lair:1)
  A polar bear (Lair:5)
  A blink frog (Lair:1)
  A crocodile (Lair:5)
  A bullfrog (Lair:1)
  A killer bee (Lair:1)
  An iguana (Lair:5)
  A river rat (Lair:2)
  7 fungi
  2 plants
18 creatures vanquished.

Grand Total: 398 creatures vanquished

Notes
Turn   | Place    | Note
-------+----------+-------------------------------------------
     0 | D:1      | Murumi the Formicid Fighter began the quest for the Orb.
     0 | D:1      | Reached XP level 1. HP: 18/18 MP: 1/1
   138 | D:1      | Reached XP level 2. HP: 24/24 MP: 2/2
   221 | D:1      | Reached skill level 1 in Dodging
   344 | D:1      | Found a sparkling altar of Nemelex Xobeh.
   590 | D:1      | Reached XP level 3. HP: 26/29 MP: 3/3
  1116 | D:2      | Found a stormy altar of Qazlal.
  1280 | D:2      | Reached XP level 4. HP: 24/35 MP: 4/4
  1564 | D:2      | Reached XP level 5. HP: 15/42 MP: 5/5
  2058 | D:3      | Found a faded altar of an unknown god.
  2330 | D:3      | Noticed Grinder
  2354 | D:3      | Killed Grinder
  2354 | D:3      | Reached XP level 6. HP: 18/48 MP: 5/9
  2568 | D:3      | Reached XP level 7. HP: 28/54 MP: 10/10
  3366 | D:4      | Found a staircase to the Ecumenical Temple.
  3373 | Temple   | Entered the Ecumenical Temple
  3518 | Temple   | Became a worshipper of Elyvilon the Healer
  3623 | D:4      | Reached skill level 5 in Shields
  3725 | D:4      | Noticed Eustachio
  3757 | D:4      | Reached * piety under Elyvilon
  3829 | D:4      | Killed Eustachio
  3837 | D:4      | Reached skill level 1 in Crossbows
  3922 | D:4      | Reached XP level 8. HP: 21/60 MP: 9/11
  4461 | D:4      | Reached skill level 5 in Invocations
  4825 | D:5      | Entered Level 5 of the Dungeon
  4953 | D:5      | Found an opulent altar of Gozag.
  5005 | D:5      | You fall through a shaft!
  5011 | D:6      | Found Gapt's Antique Armour Shoppe.
  5302 | D:6      | Found a hide-covered altar of Uskayaw.
  5314 | D:6      | Found Ludephuc's Jewellery Boutique.
  5321 | D:6      | Found Hygethri's Antique Weapon Boutique.
  5337 | D:5      | Found Uliklenu's Magic Scroll Shoppe.
  5340 | D:5      | Bought a scroll of magic mapping for 49 gold pieces
  5340 | D:5      | Bought a scroll of identify for 28 gold pieces
  5340 | D:5      | Bought a scroll of identify for 28 gold pieces
  5359 | D:5      | Reached ** piety under Elyvilon
  5370 | D:5      | Reached skill level 5 in Crossbows
  5377 | D:5      | Found Gaujefash's Jewellery Shoppe.
  5417 | D:5      | Found Qoutuir's Antique Armour Shop.
  5418 | D:5      | Bought a cursed amulet of inaccuracy for 28 gold pieces
  5442 | D:5      | Reached XP level 9. HP: 28/65 MP: 10/12
  5626 | D:5      | Found Kimicwu's Distillery.
  5634 | D:5      | Bought a potion of degeneration for 13 gold pieces
  5876 | D:5      | Identified Ditauqyiw's Compendium of Clay
  6149 | D:5      | Found Myennolu's Jewellery Emporium.
  6364 | D:5      | Bought a potion of heal wounds for 65 gold pieces
  6364 | D:5      | Bought a potion of curing for 39 gold pieces
  6489 | D:6      | Reached skill level 5 in Fighting
  6574 | D:6      | Found Ureorauk's Gadget Emporium.
  6645 | D:6      | Reached skill level 5 in Armour
  6820 | D:6      | Reached *** piety under Elyvilon
  6832 | D:6      | Found Kotruone's Jewellery Shoppe.
  7717 | D:7      | Found a white marble altar of Elyvilon.
  7722 | D:7      | Found Lotynoy's Quality Used Wands.
  7936 | D:7      | Found a hide-covered altar of Uskayaw.
  8124 | D:7      | Noticed a hippogriff
  8132 | D:7      | Killed a hippogriff
  8135 | D:7      | Reached **** piety under Elyvilon
  8198 | D:8      | Found a staircase to the Lair.
  8471 | D:8      | Reached skill level 5 in Evocations
  8509 | D:8      | Reached XP level 10. HP: 58/74 MP: 15/15
  8797 | D:8      | Found a radiant altar of Vehumet.
  9137 | D:8      | Found a basalt altar of Yredelemnul.
  9228 | Lair:1   | Entered Level 1 of the Lair of Beasts
  9635 | Lair:1   | Reached skill level 5 in Long Blades
  9699 | Lair:1   | Noticed a komodo dragon
  9712 | Lair:1   | Noticed a komodo dragon
  9712 | Lair:1   | Pacified a komodo dragon
  9713 | Lair:1   | Killed a komodo dragon
  9724 | Lair:1   | Pacified a komodo dragon
 10212 | Lair:1   | Reached XP level 11. HP: 33/81 MP: 15/17
 10794 | Lair:1   | Reached skill level 5 in Dodging
 12672 | Lair:2   | Found a staircase to the Swamp.
 13098 | Lair:2   | Reached XP level 12. HP: 65/92 MP: 18/18
 14165 | Lair:2   | Found a staircase to the Snake Pit.
 15028 | Lair:3   | Noticed a four-headed hydra
 15034 | Lair:3   | Killed a four-headed hydra
 15137 | Lair:3   | Noticed a six-headed hydra
 15143 | Lair:3   | Pacified a six-headed hydra
 15727 | D:6      | Bought an uncursed ring of poison resistance for 240 gold pieces
 15924 | Lair:3   | Reached XP level 13. HP: 101/101 MP: 19/19
 16373 | Lair:4   | Noticed a six-headed hydra
 16374 | Lair:4   | Pacified a six-headed hydra
 16479 | Lair:4   | Noticed Urug
 16486 | Lair:4   | Killed Urug
 16531 | Lair:4   | Reached skill level 10 in Shields
 16876 | Lair:4   | Reached ***** piety under Elyvilon
 16951 | Lair:4   | Reached skill level 10 in Invocations
 17634 | Lair:5   | Noticed a five-headed hydra
 17890 | Lair:5   | Pacified a five-headed hydra
 18010 | Lair:5   | Found a staircase to the Slime Pits.
 18652 | Lair:5   | Noticed a seven-headed hydra
 18652 | Lair:5   | Pacified a seven-headed hydra
 18724 | Lair:5   | Noticed an entropy weaver
 19113 | Lair:5   | HP: 5/101 [entropy weaver (5)]
 19113 | Lair:5   | Slain by an entropy weaver

Vault maps used:
D:1:      lordsloth_arrival_two_stooges, minivault_4, nemelex_altar_shiori
D:2:      old_standard_altar
D:3:      ecumenical_altar_2, uniq_grinder
D:4:      first_bread, uniq_eustachio
D:5:      grunt_gozag_breadcrumbs, serial_shops, kennysheep_mini_moat, shop,
          shop, nicolae_shop_behind_doors, shop_fountains,
          minmay_stone_trees_small, kennysheep_generic_room_9
D:6:      basic_altar, serial_shops,
          nicolae_shop_temple_entry_statues_fountains, shop, kennysheep_mini,
          nicolae_shop_window_shopping, shop, st_stairs_4, roderic_lattice_a
D:7:      eat_drink_and_be_merry_uskayaw, basic_altar, nicolae_for_you_no_charge
D:8:      gammafunk_temple_overflow_pools, dpeg_lair_monsters,
          kennysheep_decorative_pillar
Temple:   hc_temple_tempest_star
Lair:1:   special_room, serial_bayou_pond_c, beast_lair_carwin_6,
          serial_bayou_shore_b
Lair:2:   minmay_swamp_entry_wisps, minmay_snake_entry_guardpost_medium,
          minmay_hedge_maze
Lair:4:   lemuel_fruit_tree, uniq_urug
Lair:5:   nicolae_slime_entry_slimehenge, minmay_another_anthill,
          grunt_megastairs_2

Skill      XL: |  1  2  3  4  5  6  7  8  9 10 11 12 13 |
---------------+----------------------------------------+-----
Shields        | 4 5 6 8 9 10 | 10.1
Dodging        | 1 2 3 4 5 6 7 |  7.0
Long Blades    | 3 4 5 6 7 8 |  8.2
Fighting       | 4 5 6 8 9 |  9.2
Armour         | 4 5 7 9 |  9.0
Evocations     | 4 5 6 7 8 9 |  9.2
Invocations    | 4 5 7 8 9 10 | 10.0
Crossbows      | 2 5 6 7 8 |  8.0

Action                   |  1- 3 |  4- 6 |  7- 9 | 10-12 | 13-15 || total
-------------------------+-------+-------+-------+-------+-------++-------
Melee: Long sword        |   117 |   126 |   274 |       |       ||   517
       Scimitar          |       |       |   226 |  1089 |    69 ||  1384
       Double sword      |       |       |       |       |   362 ||   362
 Fire: Arbalest          |       |       |       |     7 |     6 ||    13
Invok: Lesser Healing    |       |       |     6 |    24 |     1 ||    31
       Heal Other        |       |       |       |     6 |     4 ||    10
       Greater Healing   |       |       |       |     1 |     1 ||     2
 Abil: Dig               |     2 |     1 |     4 |     9 |     3 ||    19
Evoke: Wand              |       |       |       |     6 |       ||     6
  Use: Scroll            |     2 |     5 |    11 |     6 |     2 ||    26
       Potion            |       |     1 |       |     2 |     1 ||     4
  Eat: Chunk             |     1 |     4 |    22 |    23 |    10 ||    60
       Beef jerky        |       |       |       |     4 |       ||     4
       Fruit             |       |       |       |     3 |     1 ||     4
       Pizza             |       |       |       |     1 |     1 ||     2
Armor: Scale mail        |    30 |    16 |    27 |       |       ||    73
       Plate armour      |       |       |   147 |   439 |   145 ||   731
Dodge: Dodged            |    31 |    25 |    93 |   250 |   102 ||   501
Block: Shield            |    34 |    42 |   222 |   670 |   330 ||  1298
       Reflection        |       |       |       |     1 |     4 ||     5
